 Dungeon Crawl Stone Soup version 0.27-a0-1612-gde56a17b89 (webtiles) character file.

Game seed: 4204025103241969290

1256 Spaninq the Grappler (level 8, 0/80 HPs)
             Began as a Troll Warper on July 22, 2021.
             Slain by a vampire mosquito (8 damage)
             ... on level 5 of the Dungeon.
             The game lasted 00:06:27 (3693 turns).

Spaninq the Grappler (Troll Warper)                 Turns: 3693, Time: 00:06:28

Health: 0/80       AC:  4    Str: 20    XL:     8   Next: 26%
Magic:  8/8        EV: 10    Int: 10    God:
Gold:   198        SH:  0    Dex: 10    Spells: 7/9 levels left

rFire    + . .     SeeInvis .     - Unarmed
rCold    + . .     Faith    .   (no shield)
rNeg     . . .     Spirit   .   a - +0 robe
rPois    .         Reflect  .   (helmet restricted)
rElec    .         Harm     .   k - scarf {rC+ rF+}
rCorr    .         Rampage  .   (gloves unavailable)
Will     +....                  (boots unavailable)
Stlth    +.........             (no amulet)
HPRegen  1.23/turn              l - ring of willpower
MPRegen  0.11/turn              (no ring)

@: attractive
A: large, unfitting armour, claws 3, regeneration 1, shaggy fur 1, tough skin 1
a: no special abilities


You were on level 5 of the Dungeon.
You visited 1 branch of the dungeon, and saw 5 of its levels.

You collected 198 gold pieces.

Inventory:

Hand Weapons
 w - a +1 hand axe of flaming
Missiles
 c - 5 boomerangs of dispersal (quivered)
 x - 5 boomerangs
Armour
 a - a +0 robe (worn)
 k - a scarf of resistance (worn)
 y - a +0 cloak
Jewellery
 l - a ring of willpower (left claw)
 r - an amulet of guardian spirit
Wands
 n - a wand of mindburst (15)
 z - a wand of iceblast (8)
Scrolls
 b - a scroll of blinking
 f - a scroll of brand weapon {unknown}
 g - 3 scrolls of teleportation {unknown}
 h - 2 scrolls of identify {unknown}
 i - 3 scrolls of fog {unknown}
 p - a scroll of amnesia {unknown}
 q - a scroll of magic mapping {unknown}
 t - a scroll of enchant weapon {unknown}
 v - a scroll of immolation {unknown}
 A - a scroll of fear {unknown}
Potions
 d - a potion of invisibility {unknown}
 e - a potion of attraction
 m - a potion of resistance {unknown}
 u - a potion of might {unknown}


   Skills:
 + Level 5.0 Fighting
 - Level 0.8 Throwing
 - Level 1.9 Dodging
 * Level 8.4 Unarmed Combat
 - Level 1.2 Spellcasting
 - Level 2.1 Translocations


You had 7 spell levels left.
You knew the following spells:

 Your Spells              Type           Power      Damage    Failure   Level
a - Blink                 Tloc           N/A        N/A       21%         2

Your spell library contained the following spells:

 Spells                   Type           Power      Damage    Failure   Level
 Magic Dart               Conj           0%         1d3       34%         1
 Gell's Gravitas          Tloc           2%         N/A       38%         3
 Lesser Beckoning         Tloc           2%         N/A       38%         3
 Teleport Other           Tloc           5%         N/A       38%         3
 Call Imp                 Summ           0%         N/A       45%         2
 Poisonous Vapours        Pois/Air       0%         N/A       45%         2
 Mephitic Cloud           Conj/Pois/Air  0%         N/A       71%         3
 Manifold Assault         Tloc           5%         N/A       98%         5
 Freezing Cloud           Conj/Ice/Air   0%         6-21      100%        5


Dungeon Overview and Level Annotations

Branches:
Dungeon (5/15)
 Temple: D:4-7

Altars:

Annotations:
D:4 1 runed translucent door, robertstho's ghost, amateur VSIE


Innate Abilities, Weirdness & Mutations

You are too large for most types of armour.
You have claws for hands.
Your natural rate of healing is unusually fast.
You are covered in fur. (AC +1)
You have tough skin. (AC +1)


Message History

The vampire mosquito bites you.
The vampire mosquito draws strength from your injuries!
The vampire mosquito bites you!
* * * LOW HITPOINT WARNING * * *
The vampire mosquito draws strength from your injuries!
You feel much better. The vampire mosquito bites you.
The vampire mosquito draws strength from your injuries!
The vampire mosquito closely misses you.
You miss the vampire mosquito. Your claw misses the vampire mosquito.
The vampire mosquito is lightly damaged.
The vampire mosquito bites you!
The vampire mosquito draws strength from your injuries!
You barely miss the vampire mosquito.
The vampire mosquito is lightly damaged.
The vampire mosquito bites you.
* * * LOW HITPOINT WARNING * * *
The vampire mosquito draws strength from your injuries!
The vampire mosquito bites you!
* * * LOW HITPOINT WARNING * * *
The vampire mosquito draws strength from your injuries!
You mangle the vampire mosquito!!
The vampire mosquito is severely damaged.
The vampire mosquito barely misses you.
You barely miss the vampire mosquito.
The vampire mosquito is severely damaged.
The vampire mosquito bites you!
* * * LOW HITPOINT WARNING * * *
The vampire mosquito draws strength from your injuries!
The vampire mosquito bites you.
* * * LOW HITPOINT WARNING * * *
The vampire mosquito draws strength from your injuries!
You feel better. The vampire mosquito bites you.
* * * LOW HITPOINT WARNING * * *
The vampire mosquito draws strength from your injuries!
The vampire mosquito bites you.
* * * LOW HITPOINT WARNING * * *
The vampire mosquito draws strength from your injuries!
It was a potion of magic.
Magic courses through your body. The vampire mosquito bites you!
You die...

....... #....####.# #
#.#
.......##.......#.#
#.#
...l..y..>.#.##.#.#
#.#
.$......#.........#
#.##
#######.......#.#####
#... ###.##..#.....#
#### #.....#.)##.#
#####.#####.#
#.ly@...# #########


You could see a vampire mosquito and an iguana.

Vanquished Creatures
  2 vampire mosquitoes (D:5)
  2 black bears (D:4)
  2 ogres (D:4)
  3 scorpions (D:4)
  A water moccasin zombie (D:5)
  2 hounds
  2 orc priests (D:2)
  An iguana (D:4)
  2 orc wizards (D:4)
  A scorpion zombie (D:5)
  3 hound skeletons
  7 adders
  A shadow imp (D:4)
  An adder skeleton (D:4)
  6 worms
  2 dart slugs (D:4)
  8 orcs
  3 bats
  3 endoplasms
  3 giant cockroaches (D:2)
  5 goblins
  8 hobgoblins
  7 jackals
  7 kobolds
  3 quokkas
  4 ball pythons
  3 rats
92 creatures vanquished.

Notes
Turn   | Place    | Note
-------+----------+-------------------------------------------
     0 | D:1      | Spaninq the Troll Warper began the quest for the Orb.
     0 | D:1      | Reached XP level 1. HP: 19/19 MP: 1/1
   377 | D:1      | Found a faded altar of an unknown god.
   383 | D:1      | Reached XP level 2. HP: 28/28 MP: 2/2
   834 | D:2      | Reached skill level 3 in Unarmed Combat
   895 | D:2      | Reached XP level 3. HP: 29/35 MP: 3/3
   904 | D:2      | Learned a level 2 spell: Blink
   997 | D:2      | Reached XP level 4. HP: 44/44 MP: 4/4
  1007 | D:2      | Reached skill level 4 in Unarmed Combat
  1569 | D:3      | Reached XP level 5. HP: 48/50 MP: 5/5
  2235 | D:4      | Noticed a black bear
  2253 | D:4      | Killed a black bear
  2254 | D:4      | Reached skill level 5 in Unarmed Combat
  2277 | D:4      | Found a runed translucent door.
  2277 | D:4      | Noticed robertstho's ghost (amateur VSIE)
  2329 | D:4      | Reached XP level 6. HP: 61/61 MP: 6/6
  2585 | D:4      | Reached skill level 6 in Unarmed Combat
  2728 | D:4      | Reached XP level 7. HP: 65/68 MP: 7/7
  2846 | D:4      | Reached skill level 7 in Unarmed Combat
  3097 | D:5      | Entered Level 5 of the Dungeon
  3559 | D:5      | Reached XP level 8. HP: 78/79 MP: 8/8
  3673 | D:5      | Reached skill level 8 in Unarmed Combat
  3680 | D:5      | Reached skill level 5 in Fighting
  3691 | D:5      | HP: 3/80 [vampire mosquito (6)]
  3693 | D:5      | Slain by a vampire mosquito

Illustrated notes

Levels and vault maps discovered:
D:1:      scummos_arrival_star, layout_basic,
          shapermc_ecumenical_altar_mp_ritualfount, serial_aquarium,
          aquarium_bridge_square [aquarium_subvault_bridge,
          aquarium_subvault_bridge, aquarium_subvault_wall,
          aquarium_subvault_wall], aquarium_window_corridor_1,
          aquarium_window_corner, aquarium_window_1, aquarium_window_1,
          aquarium_view_2c, aquarium_pool_2, grunt_decor_resistance
D:2:      layout_loops_ring
D:3:      layout_basic
D:4:      layout_loops_cross, hellmonk_ghost_happy_afterlife,
          minmay_increasing_density
D:5:      layout_basic, chequers_mini_garden

Skill      XL: |  1  2  3  4  5  6  7  8 |
---------------+-------------------------+-----
Fighting       | 2 3 4 5 |  5.0
Unarmed Combat | 3 4 5 6 7 8 |  8.4
Throwing       | |  0.8
Dodging        | |  1.9
Spellcasting   | |  1.2
Translocations | |  2.1

Action                   |  1- 3 |  4- 6 |  7- 9 || total
-------------------------+-------+-------+-------++-------
Melee: Unarmed           |    87 |   164 |    67 ||   318
       Punch             |     2 |     2 |     1 ||     5
  Use: Potion            |       |       |     6 ||     6
Armor: Robe              |    13 |    47 |    13 ||    73
Dodge: Dodged            |    33 |    73 |    35 ||   141

Table legend: (Time is in decaauts)
 A = Elapsed time spent in this place.
 B = Non-inter-level travel time spent in this place.
 C = Inter-level travel time spent in this place.
 D = Time resting spent in this place.
 E = Time spent auto-exploring this place.
 F = Levels seen in this place.
 G = Mean time per level.
                   A        B        C        D        E       F      G
               +--------+--------+--------+--------+--------+-----+--------+
         Total |   3665 |   3552 |    113 |     26 |   2794 |   5 |  733.0 |
       Dungeon |   3665 |   3552 |    113 |     26 |   2794 |   5 |  733.0 |
               +--------+--------+--------+--------+--------+-----+--------+

Top non-repeatable levels by time:
     D:4: 949 daAuts
     D:3: 839 daAuts
     D:1: 718 daAuts
     D:2: 666 daAuts
     D:5: 493 daAuts
